 Dungeon Crawl Stone Soup version 0.22-a0-305-gd21a89c538 (webtiles) character file.

113 HereIgoKillingAgain the Chopper (level 4, -1/39 HPs)
             Began as a Hill Orc Fighter on Mar 30, 2018.
             Slain by Crazy Yiuf
             ... wielding a +3 quarterstaff of chaos
              (16 damage)
             ... on level 2 of the Dungeon.
             The game lasted 00:02:31 (2253 turns).

HereIgoKillingAgain the Chopper (Hill Orc Fighter)  Turns: 2253, Time: 00:02:31

Health: -1/39      AC: 11    Str: 18    XL:     4   Next: 96%
Magic:  4/4        EV:  7    Int:  9    God:
Gold:   74         SH:  8    Dex: 10    Spells: 3/3 levels left

rFire    . . .     SeeInvis .   l - -2 hand axe (curse)
rCold    . . .     Gourm    .   c - +0 shield
rNeg     . . .     Faith    .   b - +0 scale mail
rPois    .         Spirit   .   r - +1 hat
rElec    .         Reflect  .   (no cloak)
rCorr    .         Harm     .   i - +1 pair of gloves {archery}
MR       .....                  o - +0 pair of boots
Stlth    ..........             (no amulet)
HPRegen  0.13/turn              (no ring)
MPRegen  0.09/turn              (no ring)

@: drained
A: no striking features
a: no special abilities


You were on level 2 of the Dungeon.
You were not hungry.

You visited 1 branch of the dungeon, and saw 2 of its levels.

You collected 74 gold pieces.

Inventory:

Hand Weapons
 a - a +0 war axe
 l - a cursed -2 hand axe (weapon)
Armour
 b - a +0 scale mail (worn)
 c - a +0 shield (worn)
 i - a +1 pair of gloves of archery (worn)
 o - a +0 pair of boots (worn)
 r - a +1 hat (worn)
Jewellery
 j - an uncursed amulet of harm {unknown}
Wands
 m - a wand of digging (12)
Scrolls
 h - 2 scrolls of identify
 k - 2 scrolls of remove curse
 p - a scroll of noise {unknown}
 q - a scroll of amnesia {unknown}
 s - a scroll of magic mapping
Potions
 d - a potion of might
 g - a potion of berserk rage
 n - a potion of agility
Comestibles
 f - a ration


   Skills:
 - Level 3.6(3.3) Fighting
 + Level 6.6(6.3) Axes
 - Level 3.2(3.0) Armour
 - Level 3.2(3.0) Shields


You had 3 spell levels left.
You didn't know any spells.

Dungeon Overview and Level Annotations

Branches:
Dungeon (2/15)

Altars:

Annotations:
D:2 Crazy Yiuf


Message History

You completely miss Crazy Yiuf.
Crazy Yiuf is moderately wounded.
Crazy Yiuf hits you with a quarterstaff of chaos.
You feel drained.
You closely miss Crazy Yiuf.
Crazy Yiuf is moderately wounded.
Crazy Yiuf hits you with a quarterstaff of chaos.
You are electrocuted!
* * * LOW HITPOINT WARNING * * *
You are too injured to fight recklessly!
You are too injured to fight recklessly!
You are too injured to fight recklessly!
You are too injured to fight recklessly!
You are too injured to fight recklessly!
You are too injured to fight recklessly!
You are too injured to fight recklessly!
You are too injured to fight recklessly!
Okay, then.
You feel better. Crazy Yiuf hits you but does no damage.
You are electrocuted!
You die...

#####.##.### ##..## #.######
...........# ♣....♣ #......#
### #####.##.### ♣.♣.♣♣
#......# #.. # #.##.### ♣♣.♣♣
#......# #.. # #......# ♣.♣♣
#......# #.. # #...†..# ♣♣.♣
#......# #.. # ##.#.### ♣.♣♣
#......# #.. # #.#.# ♣♣.♣
#......# #.. # #.#<# *#@#*
#......# #.. ######.#.# #.g.#
#.).######## ##.....#.# #...#
###.#....# # ##.....#.### #..)#
#.#....# # ##.....#...# #####
###.#..[.# # ##...#'#####
#..(#....# #
##.........###########........#
#
##..........#.#.#..##....##.###
##..........#.#.#..##....##.#


You could see Crazy Yiuf.

Vanquished Creatures
  4 adders (D:2)
  An ooze (D:1)
  2 worms (D:2)
  A dart slug (D:1)
  5 leopard geckos
  2 giant cockroaches
  7 hobgoblins
  4 jackals (D:2)
  3 quokkas (D:2)
  2 ball pythons
  2 bats
  4 frilled lizards
  6 goblins
  12 kobolds
  6 rats
61 creatures vanquished.

Vanquished Creatures (others)
  A plant (D:2)
1 creature vanquished.

Grand Total: 62 creatures vanquished

Notes
Turn   | Place    | Note
-------+----------+-------------------------------------------
     0 | D:1      | HereIgoKillingAgain the Hill Orc Fighter began the quest for the Orb.
     0 | D:1      | Reached XP level 1. HP: 19/19 MP: 1/1
    74 | D:1      | Reached skill level 3 in Axes
   381 | D:1      | Reached XP level 2. HP: 26/26 MP: 2/2
   492 | D:1      | Reached skill level 4 in Axes
   843 | D:1      | Reached XP level 3. HP: 31/31 MP: 3/3
  1140 | D:2      | Reached skill level 5 in Axes
  1176 | D:2      | Reached XP level 4. HP: 34/39 MP: 4/4
  1226 | D:2      | Reached skill level 6 in Axes
  1254 | D:2      | Found a runed door.
  2236 | D:2      | Noticed Crazy Yiuf
  2253 | D:2      | Slain by Crazy Yiuf

Vault maps used:
D:1:      nagdon_arrival_double_spiral, hangedman_decor_lopped
D:2:      first_ration, lexackson_kobold_supper, uniq_crazy_yiuf_cottage

Skill      XL: |  1  2  3  4 |
---------------+-------------+-----
Axes           | 3 4 5 6 |  6.6
Fighting       | |  3.6
Armour         | |  3.2
Shields        | |  3.2

Action                   |  1- 3 |  4- 6 || total
-------------------------+-------+-------++-------
Melee: Hand axe          |    54 |   180 ||   234
       War axe           |    34 |    20 ||    54
  Use: Scroll            |     5 |       ||     5
       Potion            |       |     1 ||     1
  Eat: Ration            |       |     1 ||     1
       Chunk             |       |     1 ||     1
Armor: Scale mail        |    57 |    50 ||   107
Dodge: Dodged            |    27 |    37 ||    64
Block: Shield            |    46 |    64 ||   110

Table legend:
 A = Spawn XP
 B = Non-spawn XP
 C = Spawn XP percentage of total XP
 D = Spawn monster count
 E = Non-spawn monster count
 F = Spawn count percentage of total count
 G = Total turns spent on level
                    A         B        C        D         E        F      G
               +---------+---------+-------+---------+---------+-------+---------
         Total |       0 |     162 |   0.0 |       0 |      61 |   0.0 |  2253
               +---------+---------+-------+---------+---------+-------+---------
           D:1 |       0 |      34 |   0.0 |       0 |      19 |   0.0 |  1082
           D:2 |       0 |     128 |   0.0 |       0 |      42 |   0.0 |  1171
               +---------+---------+-------+---------+---------+-------+---------
